 Dungeon Crawl Stone Soup version 0.27.1-34-g3ba077fa99 (webtiles) character file.

Game seed: 2866211478709512334

140 Azken the Chiller (level 5, -11/45 HPs)
             Began as a Naga Ice Elementalist on Jan 2, 2022.
             Mangled by an orange demon (13 damage)
             ... created by the fury of Makhleb
             ... in a sewer.
             The game lasted 00:13:50 (3030 turns).

Azken the Chiller (Naga Ice Elementalist)           Turns: 3030, Time: 00:13:51

Health: -11/45     AC:  2    Str:  8 (11) XL:     5   Next: 22%
Magic:  5/8        EV: 10    Int: 12 (15) God:
Gold:   61         SH:  0    Dex:  9 (12) Spells: 6/10 levels left

rFire    . . .     SeeInvis +   d - +0 dagger
rCold    . . .     Faith    .   (no shield)
rNeg     . . .     Spirit   .   a - +0 robe
rPois    +         Reflect  .   (no helmet)
rElec    .         Harm     .   (no cloak)
rCorr    .         Rampage  .   (no gloves)
Will     .....                  (no barding)
Stlth    ++........             (no amulet)
HPRegen  0.15/turn              i - ring of wizardry
MPRegen  0.11/turn              (no ring)

@: lethally poisoned (-11 -> -20), about to teleport, very slow
A: AC +1, large, see invisible, deformed body, poison resistance, slowness 2,
spit poison 1, naga tail 1, low mp 1
a: Spit Poison


You were in a sewer.
You visited 1 branch of the dungeon, and saw 3 of its levels.
You also visited: Sewer.

You collected 61 gold pieces.

Inventory:

Hand Weapons
 d - a +0 dagger (weapon)
 h - a +0 hunting sling
 j - a +0 hunting sling
 l - a +0 spear
Missiles
 b - 64 bolts
 c - 20 sling bullets
 g - 18 stones
Armour
 a - a +0 robe (worn)
Jewellery
 i - a ring of wizardry (left hand)
 k - a +6 ring of strength
Scrolls
 e - 2 scrolls of teleportation
Potions
 m - 4 potions of flight


   Skills:
 * Level 1.7 Fighting
 * Level 2.3 Dodging
 - Level 3.0 Stealth
 + Level 3.0 Spellcasting
 + Level 4.9 Ice Magic


You had 6 spell levels left.
You knew the following spells:

 Your Spells              Type           Power      Damage    Failure   Level
a - Freeze                Ice            52%        1d7       1%          1
b - Ozocubu's Armour      Ice            13%        N/A       4%          3

Your spell library contained the following spells:

 Spells                   Type           Power      Damage    Failure   Level
 Frozen Ramparts          Ice            26%        1d4       4%          3
 Hailstorm                Conj/Ice       7%         3d4       32%         4


Dungeon Overview and Level Annotations

Branches:
Dungeon (3/15)              Sewer (1/1)

Altars:
Makhleb

Shops:
D:3 !


Innate Abilities, Weirdness & Mutations

Your serpentine skin is tough. (AC +1)
You have supernaturally acute eyesight. (SInv)
Armour fits poorly on your strangely shaped body.
Your system is resistant to poisons. (rPois)
You cover ground very slowly.
You can spit poison.
You have a snake-like lower body.
Your magical capacity is low. (-10% MP)


Message History

You freeze the rat.
You kill the rat!
You see here a ball python corpse.
Why would you want to do that? Why would you want to do that?
Makhleb sends a minion to punish you. The divine experience confuses you!
You are confused.
An orange demon comes into view.
You bump into the stone wall.
Press: ? - help, v - describe, . - travel
Here: an orange demon (durably summoned)
The floor.
You are too confused!
You bump into the stone wall.
The orange demon stings you from afar!
You are poisoned.
The orange demon poisons you!
You bump into the stone wall.
You feel extremely sick. The orange demon closely misses you.
You bump into the stone wall.
You feel very sick. The orange demon stings you from afar.
You bump into the stone wall.
You feel very sick. The orange demon stings you from afar!
* * * LOW HITPOINT WARNING * * *
It was a potion of degeneration.
There was something very wrong with that liquid.
You feel weakened.
You feel dopey.
You feel clumsy.
You feel less confused.
* * * LOW HITPOINT WARNING * * *
You feel very sick. The orange demon stings you from afar.
* * * LOW HITPOINT WARNING * * *
As you read the scroll of teleportation, it crumbles to dust.
You feel strangely unstable.
* * * LOW HITPOINT WARNING * * *
You feel very sick. The orange demon stings you from afar!
You die...

# ################
# #......##..†..4#
###..≈.†.#.#####.#
≈≈###≈####.# ≈ #@#
≈≈≈≈≈≈≈≈≈#.#≈#≈†≈#
....≈≈≈≈≈#.#≈##≈≈≈
###...≈≈≈#≈≈≈#..≈≈≈
##...≈≈≈≈####...≈≈
###...≈## ##...≈#
###### ###... ####


You could see an orange demon.

Vanquished Creatures
  A merfolk siren (Sewer)
  3 adders
  3 river rats
  A worm (D:2)
  4 bats
  3 endoplasms
  2 giant cockroaches (D:3)
  3 goblins (D:1)
  3 hobgoblins
  2 jackals (D:1)
  7 quokkas
  5 ball pythons
  2 frilled lizards
  4 kobolds
  18 rats
61 creatures vanquished.

Notes
Turn   | Place    | Note
-------+----------+-------------------------------------------
     0 | D:1      | Azken the Naga Ice Elementalist began the quest for the
                  | Orb.
     0 | D:1      | Reached XP level 1. HP: 15/15 MP: 3/3
   234 | D:1      | Reached XP level 2. HP: 20/24 MP: 3/5
   353 | D:1      | Found a faded altar of an unknown god.
   367 | D:1      | Became a worshipper of Makhleb the Destroyer
   367 | D:1      | Reached * piety under Makhleb
   454 | D:1      | Fell from the grace of Makhleb
  1286 | D:2      | Reached XP level 3. HP: 7/30 MP: 1/6
  1290 | D:2      | Learned a level 3 spell: Ozocubu's Armour
  1376 | D:2      | Noticed a neqoxec
  1378 | D:2      | Gained mutation: Your magical capacity is low. (-10% MP) [a
                  | neqoxec]
  1412 | D:2      | Noticed a ynoxinul
  1562 | D:2      | Reached skill level 1 in Fighting
  1680 | D:3      | Found Norghed's Distillery.
  2114 | D:3      | Reached XP level 4. HP: 29/38 MP: 5/6
  2145 | D:3      | Found a glowing drain.
  2151 | Sewer    | Entered a sewer
  2695 | Sewer    | Reached XP level 5. HP: 15/44 MP: 1/8
  3024 | Sewer    | Noticed an orange demon
  3030 | Sewer    | HP: 2/45 [poisoned by an orange demon]
  3030 | Sewer    | Mangled by an orange demon

Illustrated notes

Levels and vault maps discovered:
D:1:      elethiomel_arrival_maze, layout_rooms, shapermc_ecumenical_altar_gd,
          roderic_lattice_a, skrybe_limestone_x
D:2:      layout_basic
D:3:      layout_basic, grunt_gozag_statues, serial_shops, nicolae_shop_trees,
          gup_sewer_entry_bubbles, corner_web_ring, uniq_grinder
Sewer:    sewer_sea

Skill      XL: |  1  2  3  4  5 |
---------------+----------------+-----
Fighting       | 1 |  1.7
Dodging        | 2 |  2.3
Spellcasting   | 3 |  3.0
Stealth        | |  3.0
Ice Magic      | |  4.9

Action                   |  1- 3 |  4- 6 || total
-------------------------+-------+-------++-------
Melee: Dagger            |    37 |    30 ||    67
 Cast: Freeze            |    36 |    27 ||    63
       Ozocubu's Armour  |       |     1 ||     1
Invok: Renounce Religion |     1 |       ||     1
 Abil: Spit Poison       |    16 |    13 ||    29
  Use: Scroll            |       |     1 ||     1
       Potion            |       |     1 ||     1
 Stab: Sleeping          |     1 |     1 ||     2
Armor: Robe              |     6 |     7 ||    13
Dodge: Dodged            |    49 |    25 ||    74
